[Event "*** SCC Grand Prix: Titled Tuesday Blitz"]
[Site "Chess.com"]
[Date "2020.08.04"]
[Round "9"]
[White "Bigfish1995"]
[Black "Carnivoras"]
[Result "1-0"]
[WhiteElo "2975"]
[BlackElo "2651"]
[TimeControl "180+1"]
[EndTime "15:23:03 PDT"]
[Termination "Bigfish1995 won by resignation"]

1. e4 e5 2. Nf3 Nc6 3. Bb5 Nf6 4. O-O Nxe4 5. d4 Nd6 6. Ba4 e4 7. Re1 Be7 8. Ne5 O-O 9. Nc3 Bf6 10. Bf4 Re8 11. Nxe4 Nxe4 12. Rxe4 Bxe5 13. dxe5 d5 14. Re3 Be6 15. Qh5 d4 16. Rg3 Bd5 17. Qh6 1-0

[Event "*** SCC Grand Prix: Titled Tuesday Blitz"]
[Site "Chess.com"]
[Date "2020.08.04"]
[Round "9"]
[White "spacegirl987"]
[Black "ChessArchitect64"]
[Result "0-1"]
[WhiteElo "1927"]
[BlackElo "1894"]
[TimeControl "180+1"]
[EndTime "15:23:18 PDT"]
[Termination "ChessArchitect64 won by resignation"]

1. e4 c5 2. Nf3 d6 3. d4 cxd4 4. Nxd4 Nf6 5. Nc3 Nc6 6. Be2 g6 7. Be3 Bg7 8. Qd2 O-O 9. O-O-O Ng4 10. Bxg4 Bxg4 11. f3 Nxd4 12. Bxd4 Bxd4 13. Qxd4 Be6 14. g4 a6 15. h4 Rc8 16. h5 Rc4 17. Qd3 Qa5 18.
hxg6 fxg6 19. Kb1 b5 20. Nd5 Bxd5 21. Qxd5+ Kg7 22. Qg5 Rf7 23. Rh6 Rc5 24. Qd2 Qxd2 0-1

[Event "*** SCC Grand Prix: Titled Tuesday Blitz"]
[Site "Chess.com"]
[Date "2020.08.04"]
[Round "9"]
[White "harkerchess"]
[Black "Sn00pPawn"]
[Result "0-1"]
[WhiteElo "2130"]
[BlackElo "2000"]
[TimeControl "180+1"]
[EndTime "15:23:40 PDT"]
[Termination "Sn00pPawn won by resignation"]

1. Nc3 d5 2. d4 Nf6 3. Bf4 c5 4. e3 cxd4 5. exd4 a6 6. Nf3 Bg4 7. Be2 Bxf3 8. Bxf3 Nc6 9. O-O e6 10. Re1 Be7 11. a3 Qb6 12. Na4 Qxd4 13. Qxd4 Nxd4 14.
Bd1 Nd7 15. c3 Nf5 16. Bc2 Nd6 17. b3 O-O 18. Nb2 Rac8 19. Bd2 Bf6 20. Nd1 Nb5 21. Rc1 Nxa3 22. Bd3 Nc5 23. Bf1 Nxb3 0-1

[Event "*** SCC Grand Prix: Titled Tuesday Blitz"]
[Site "Chess.com"]
[Date "2020.08.04"]
[Round "9"]
[White "YIYUKI"]
[Black "aljado"]
[Result "1-0"]
[WhiteElo "2291"]
[BlackElo "2129"]
[TimeControl "180+1"]
[EndTime "15:23:44 PDT"]
[Termination "YIYUKI won by resignation"]

1. e4 c5 2. Nf3 e6 3. d4 cxd4 4. Nxd4 Bc5 5. Nb3 Bb6 6. Nc3 Nc6 7. Bd3 Nge7 8. O-O O-O 9. Qe2 f5 10. exf5 Nxf5 11. Bxf5 Rxf5 12. Be3 Bc7 13. Rad1 d5 14. f4 Qf6 15. Nb5 Bb8 16. N5d4 Nxd4 17. Nxd4 Bxf4 18. Nxf5 e5 1-0

[Event "*** SCC Grand Prix: Titled Tuesday Blitz"]
[Site "Chess.com"]
[Date "2020.08.04"]
[Round "9"]
[White "coocloo"]
[Black "Chuchofrio1"]
[Result "1-0"]
[WhiteElo "2014"]
[BlackElo "2268"]
[TimeControl "180+1"]
[EndTime "15:23:54 PDT"]
[Termination "coocloo won by resignation"]

1. e4 e5 2. Nf3 Nc6 3. Bc4 Nf6 4. Ng5 d5 5. exd5 Na5 6. d3 Nxc4 7. dxc4 Be7 8. O-O O-O 9. Nc3 Bg4 10. f3 Bf5 11.
Nge4 Nxe4 12. Nxe4 Bxe4 13. fxe4 f6 14. Qg4 Bc5+ 15. Kh1 Kh8 16. c3 a5 17. Bd2 Qe7 18. Rf3 g6 19. Rh3 Qf7 20. Rf1 a4 21. Rhf3 Be7 22.
Bg5 Qg7 23. Bh4 a3 24. b4 c6 25. Qe6 cxd5 26. cxd5 Rad8 27. Bxf6 Bxf6 28. Rxf6 Rfe8 29. Qh3 Re7 30. Qf3 Kg8 31. Qd3 h6 32. h3 Rd6 33.
Rxd6 1-0

[Event "*** SCC Grand Prix: Titled Tuesday Blitz"]
[Site "Chess.com"]
[Date "2020.08.04"]
[Round "9"]
[White "Eternauta2400"]
[Black "Evgeny81"]
[Result "1-0"]
[WhiteElo "2553"]
[BlackElo "2745"]
[TimeControl "180+1"]
[EndTime "15:23:55 PDT"]
[Termination "Eternauta2400 won by resignation"]

1. c4 e5 2. Nc3 Nf6 3. Nf3 Nc6 4. e4 Bc5 5. Nxe5 Nxe5 6. d4 Bxd4 7. Qxd4 d6 8. b3 O-O 9. Be2 Nfd7 10. O-O Nc5 11. Bb2 f6 12. f4 Nc6 13. Qd2 Be6 14. Bf3 a5 15. Nd5 Qd7 16. h3 Rae8 17. Rae1 Qc8 18. Kh2 Kh8 19. g4 Bg8 20. Rg1 Bxd5 21. cxd5 Nb4 22. g5 Nbd3 23. gxf6 gxf6 24. Re2 Nxb2 25.
Qxb2 Qd7 26. Qd4 Qb5 27. Reg2 Qb4 28. Rg8+ 1-0

[Event "*** SCC Grand Prix: Titled Tuesday Blitz"]
[Site "Chess.com"]
[Date "2020.08.04"]
[Round "9"]
[White "Lion-Al-Messi"]
[Black "Flopezin"]
[Result "1-0"]
[WhiteElo "2487"]
[BlackElo "2336"]
[TimeControl "180+1"]
[EndTime "15:23:57 PDT"]
[Termination "Lion-Al-Messi won by resignation"]

1. e4 e5 2. Nf3 Nc6 3. Bb5 a6 4. Ba4 Nf6 5. O-O Bc5 6. c3 b5 7.
Bb3 d6 8. a4 Bg4 9. h3 Bxf3 10.
Qxf3 O-O 11. d3 h6 12. Be3 Bxe3 13. fxe3 Na5 14. Bc2 c5 15. Nd2 Qb6 16. Rf2 b4 17. Nf1 bxc3 18. bxc3 Rab8 19. Rb1 Qc7 20. Ng3 Rxb1+ 21.
Bxb1 Qb6 22. Bc2 Kh7 23. Nf5 Ng8 24. d4 g6 25. Ng3 cxd4 26. exd4 exd4 27. cxd4 Qxd4 28.
h4 Nc4 29. h5 Ne5 30. hxg6+ Nxg6 31. e5 Ne7 32. e6 f6 33. Nf5 Nxf5 34. Qxf5 Qa1+ 35.
Kh2 Qe5+ 36. Qxe5 dxe5 37. e7 Re8 38. Rxf6 Rxe7 39. Rxg6 Rc7 40. Rc6+ 1-0

[Event "*** SCC Grand Prix: Titled Tuesday Blitz"]
[Site "Chess.com"]
[Date "2020.08.04"]
[Round "9"]
[White "BilodeauA"]
[Black "abykhovsky"]
[Result "1-0"]
[WhiteElo "2889"]
[BlackElo "2778"]
[TimeControl "180+1"]
[EndTime "15:23:59 PDT"]
[Termination "BilodeauA won by resignation"]

1. d4 Nf6 2. Nc3 d5 3. Bf4 Bf5 4. e3 e6 5. f3 Bg6 6. g4 h5 7. g5 Nfd7 8. h4 c5 9. Bd3 Bxd3 10. Qxd3 Nc6 11. g6 f5 12. O-O-O c4 13. Qe2 Bb4 14. e4 Bxc3 15. bxc3 Qe7 16. exd5 exd5 17. Bg5 Qxe2 18. Nxe2 Nb6 19. Ng3 O-O 20. Nxh5 Na4 21. Kd2 b5 22. Nf4 Nb6 23. h5 b4 24. h6 bxc3+ 25. Ke3 Nb4 26.
hxg7 Rfe8+ 27. Kf2 Nxc2 28. Bf6 1-0

[Event "*** SCC Grand Prix: Titled Tuesday Blitz"]
[Site "Chess.com"]
[Date "2020.08.04"]
[Round "9"]
[White "realmadridtv"]
[Black "Grandmaster2B"]
[Result "0-1"]
[WhiteElo "2460"]
[BlackElo "2399"]
[TimeControl "180+1"]
[EndTime "15:24:03 PDT"]
[Termination "Grandmaster2B won by resignation"]

1. d4 Nf6 2. c4 e6 3. g3 Bb4+ 4.
Nd2 Qe7 5. Bg2 d5 6. Nf3 c5 7.
O-O O-O 8. b3 cxd4 9. Nxd4 Bc3 10. Nc2 Bxa1 11. Nxa1 Rd8 12. Qc2 Nc6 13. Bb2 d4 14. a3 a5 15. Qb1 e5 16. Nc2 Bf5 17. Qc1 Rac8 18. Ne1 b5 19. cxb5 Na7 20. Nc4 Nxb5 21.
a4 Nd6 22. Ba3 Be6 23. Nd3 Qe8 24. Ndxe5 Bxc4 25. Nxc4 Nxc4 26. bxc4 Qxe2 27. Re1 Qxc4 28. Qg5 Qc3 0-1

[Event "*** SCC Grand Prix: Titled Tuesday Blitz"]
[Site "Chess.com"]
[Date "2020.08.04"]
[Round "9"]
[White "MF1966Idrisov"]
[Black "FMJoseHerrera"]
[Result "1-0"]
[WhiteElo "2368"]
[BlackElo "2489"]
[TimeControl "180+1"]
[EndTime "15:24:09 PDT"]
[Termination "MF1966Idrisov won by resignation"]

1. Nf3 f6 2. d4 g6 3. b3 Kf7 4. Bb2 Kg7 5. c4 d6 6. g3 h5 7.
Bg2 Nc6 8. Nc3 Nh6 9. h3 Nf7 10. e4 e5 11. O-O Be7 12. Nd5 Bd7 13. Rc1 Qc8 14. Kh2 Bd8 15. c5 dxc5 16. dxe5 Ncxe5 17. Nxe5 Nxe5 18. f4 Nc6 19. Rxc5 h4 20. g4 Rf8 21. g5 Kh7 22. Nxf6+ Bxf6 23. Bxf6 Qe8 24.
Qe1 Rxf6 25. Qxh4+ Kg8 26. gxf6 Qf8 27. Rg5 Be8 28. e5 Qb4 29. Bd5+ 1-0

[Event "*** SCC Grand Prix: Titled Tuesday Blitz"]
[Site "Chess.com"]
[Date "2020.08.04"]
[Round "9"]
[White "vova-79"]
[Black "creativity"]
[Result "1-0"]
[WhiteElo "2433"]
[BlackElo "2053"]
[TimeControl "180+1"]
[EndTime "15:24:13 PDT"]
[Termination "vova-79 won by resignation"]

1. d4 Nf6 2. c4 g6 3. Nc3 Bg7 4. Nf3 O-O 5. g3 d6 6. Bg2 Nbd7 7. O-O c6 8. e4 Qc7 9. h3 e5 10. Be3 a5 11. Qc2 exd4 12. Nxd4 Re8 13. Rad1 Nc5 14. Ndb5 cxb5 15. Nxb5 Qe7 16. Nxd6 Ncxe4 17. Nxe8 Qxe8 18. Rfe1 Bf5 19. g4 Nc3 20. Qxc3 Nxg4 21. Bd4 1-0

[Event "*** SCC Grand Prix: Titled Tuesday Blitz"]
[Site "Chess.com"]
[Date "2020.08.04"]
[Round "9"]
[White "German_Bazeev"]
[Black "bratkoo"]
[Result "0-1"]
[WhiteElo "2729"]
[BlackElo "2532"]
[TimeControl "180+1"]
[EndTime "15:24:44 PDT"]
[Termination "bratkoo won on time"]

1. d4 e6 2. c4 d5 3. Nc3 Nf6 4. Nf3 Be7 5. Bg5 O-O 6. e3 h6 7. Bf4 Nbd7 8. Qc2 c5 9. dxc5 Nxc5 10. O-O-O Qa5 11. g4 Nfe4 12. Be5 Nxc3 13. Qxc3 Qxa2 14.
Bxg7 Ne4 15. Qd4 Bc5 0-1

[Event "*** SCC Grand Prix: Titled Tuesday Blitz"]
[Site "Chess.com"]
[Date "2020.08.04"]
[Round "9"]
[White "arminmusovic"]
[Black "Fortitudine"]
[Result "0-1"]
[WhiteElo "2468"]
[BlackElo "2270"]
[TimeControl "180+1"]
[EndTime "15:24:44 PDT"]
[Termination "Fortitudine won by resignation"]

1. a3 g6 2. Nc3 Bg7 3. e4 c5 4. Nf3 Nc6 5. Bc4 e6 6. Ba2 Nge7 7. O-O O-O 8. Re1 b6 9. d3 Bb7 10. Bg5 h6 11. Bh4 d6 12. Bg3 a6 13. h3 Qd7 14.
Rb1 b5 15. Ne2 Rac8 16. d4 cxd4 17. Nexd4 Nxd4 18. Nxd4 Nc6 19. Nf3 Rfd8 20. Qd2 Na5 21. Qxa5 Rxc2 22. Rbd1 Qc8 23. Rxd6 Rxd6 24. Bxd6 Rxb2 25.
Bb1 Bc3 26. Qb6 Bxe1 27. Bd3 Bxf2+ 0-1

[Event "*** SCC Grand Prix: Titled Tuesday Blitz"]
[Site "Chess.com"]
[Date "2020.08.04"]
[Round "9"]
[White "Ural_bogatyr"]
[Black "guillembaches"]
[Result "1-0"]
[WhiteElo "2377"]
[BlackElo "2412"]
[TimeControl "180+1"]
[EndTime "15:24:51 PDT"]
[Termination "Ural_bogatyr won by resignation"]

1. d4 d5 2. Bf4 e6 3. e3 Bd6 4.
Bg3 Nf6 5. Nf3 O-O 6. Bd3 b6 7.
Ne5 c5 8. c3 Qc7 9. Nd2 Nbd7 10. f4 Bb7 11. Bh4 Ne4 12. Qc2 f5 13. O-O Ndf6 14.
Bxf6 gxf6 15. Nef3 Kh8 16. Bxe4 fxe4 17. Nh4 Rg8 18.
Qd1 Qf7 19. f5 e5 20. Kh1 Rg5 21. g3 Rag8 22. Qb3 exd4 23. Nxe4 c4 24. Nxd6 Qh5 25.
Qd1 Qh6 26. Nf7+ 1-0

[Event "*** SCC Grand Prix: Titled Tuesday Blitz"]
[Site "Chess.com"]
[Date "2020.08.04"]
[Round "9"]
[White "j_coca"]
[Black "Mbneu"]
[Result "1-0"]
[WhiteElo "2307"]
[BlackElo "2244"]
[TimeControl "180+1"]
[EndTime "15:25:02 PDT"]
[Termination "j_coca won by resignation"]

1. f4 e5 2. fxe5 Nc6 3. Nf3 d6 4. exd6 Bg4 5. dxc7 Qxc7 6. e3 Bd6 7. Be2 O-O-O 8. Nc3 f5 9. Nb5 Bg3+ 10. hxg3 Qxg3+ 11. Kf1 Nf6 12. Qe1 Ne4 13. d3 Qxe1+ 14. Kxe1 Ng3 15. Rh2 Rhe8 16. Kf2 Nxe2 17. Kxe2 a6 18. Na3 h5 19.
Kf2 b5 20. Bd2 Rd6 21. Re1 Rg6 22. c3 Rd6 23. d4 Re4 24. Nc2 Ne7 25. Nb4 Ng6 26.
Nd3 Rd5 27. g3 Bxf3 28. Kxf3 h4 29. Nf4 hxg3 30. Kxg3 Nxf4 31. exf4 1-0

[Event "*** SCC Grand Prix: Titled Tuesday Blitz"]
[Site "Chess.com"]
[Date "2020.08.04"]
[Round "9"]
[White "Martins-BR"]
[Black "dosto07"]
[Result "0-1"]
[WhiteElo "2211"]
[BlackElo "2294"]
[TimeControl "180+1"]
[EndTime "15:25:02 PDT"]
[Termination "dosto07 won by resignation"]

1. e4 e5 2. Nf3 Nc6 3. d4 exd4 4.
Nxd4 Nf6 5. Nc3 Bb4 6. Nxc6 bxc6 7. Bd3 d5 8. exd5 O-O 9. O-O cxd5 10. h3 h6 11. Qf3 c6 12. Bf4 Re8 13. Ne2 Bd6 14.
Ng3 Rb8 15. b3 Be6 16. Rad1 c5 17. c4 d4 18. Rfe1 Bxf4 19. Qxf4 a5 20. Bc2 Qb6 21. a4 Bd7 22. Kf1 Rbd8 23. Rxe8+ Rxe8 24. Nf5 Bxf5 25. Qxf5 g6 26. Qf4 Kg7 27. Re1 Rxe1+ 28. Kxe1 Qe6+ 29. Kd2 Nd7 30. Bd3 Ne5 31. Qe4 Qf6 32. f4 Nc6 33. g3 Nb4 34. Qd5 Nxd5 0-1

[Event "*** SCC Grand Prix: Titled Tuesday Blitz"]
[Site "Chess.com"]
[Date "2020.08.04"]
[Round "9"]
[White "Gareth-Bale11"]
[Black "Fandorine"]
[Result "0-1"]
[WhiteElo "2768"]
[BlackElo "2903"]
[TimeControl "180+1"]
[EndTime "15:25:39 PDT"]
[Termination "Fandorine won by resignation"]

1. d4 Nf6 2. c4 g6 3. Nc3 Bg7 4. e4 d6 5. Be2 O-O 6. Be3 Na6 7.
Nf3 e5 8. d5 Ng4 9. Bg5 f6 10.
Bh4 Nh6 11. Nd2 c5 12. f3 Nf7 13. Bf2 h5 14. a3 Bh6 15. Qc2 Bd7 16. Rb1 Kg7 17. b4 b6 18. b5 Nc7 19. a4 Ne8 20.
a5 Kg8 21. Ra1 Ng7 22. Bd3 f5 23. Ke2 h4 24. axb6 axb6 25. Rxa8 Qxa8 26. Qa4 Qd8 27. Qa7 Qg5 28. Rd1 Nh5 29. g3 hxg3 30. hxg3 Nxg3+ 31. Bxg3 Qe3+ 32. Kf1 Qxd3+ 33. Kg2 Qxc3 34. Qxd7 Qc2 35.
Qe6 Qxd1 36. Qxg6+ Bg7 37. Nf1 Qe2+ 38. Bf2 fxe4 39. fxe4 Ng5 0-1

[Event "*** SCC Grand Prix: Titled Tuesday Blitz"]
[Site "Chess.com"]
[Date "2020.08.04"]
[Round "9"]
[White "RobertoJBM"]
[Black "Bodnar_Mykola"]
[Result "1-0"]
[WhiteElo "2714"]
[BlackElo "2477"]
[TimeControl "180+1"]
[EndTime "15:25:45 PDT"]
[Termination "RobertoJBM won by resignation"]

1. d4 Nf6 2. c4 e6 3. Nc3 d5 4. cxd5 exd5 5. Bg5 Be7 6. e3 c6 7. Bd3 O-O 8. Qc2 Nbd7 9. Nge2 Re8 10. O-O Nf8 11.
Rad1 g6 12. f3 Ne6 13. Bh4 c5 14. dxc5 Bxc5 15. Bxf6 Bxe3+ 16. Kh1 Qxf6 17. Nxd5 Qe5 18. Bb5 Rf8 19. f4 Bxf4 20. Nexf4 Nxf4 21. Rxf4 Bf5 22. Qc3 Qxc3 23. Nxc3 a6 24. Ba4 b5 25. Bb3 Rad8 26.
Rfd4 Rxd4 27. Rxd4 Re8 28. Kg1 Kg7 29. Kf2 h5 30. h3 g5 31. Rd6 Bc8 32. Rc6 Bb7 33. Rc7 1-0

[Event "*** SCC Grand Prix: Titled Tuesday Blitz"]
[Site "Chess.com"]
[Date "2020.08.04"]
[Round "9"]
[White "OK97"]
[Black "BlackBoarder"]
[Result "1-0"]
[WhiteElo "2805"]
[BlackElo "2560"]
[TimeControl "180+1"]
[EndTime "15:25:58 PDT"]
[Termination "OK97 won on time"]

1. Nf3 Nf6 2. c4 e6 3. g3 d5 4. Bg2 Be7 5. O-O O-O 6. d4 dxc4 7. Qc2 a6 8. a4 Bd7 9. Rd1 Bc6 10.
Nc3 Nbd7 11. e4 b5 12. d5 exd5 13. e5 Ne4 14. Nxd5 Bxd5 15. Rxd5 Nec5 16. Nd4 Qe8 17.
axb5 Nb6 18. Rxc5 Bxc5 19. Bxa8 Qxa8 20. Nc6 a5 21. Rxa5 Qe8 22. b4 1-0

[Event "*** SCC Grand Prix: Titled Tuesday Blitz"]
[Site "Chess.com"]
[Date "2020.08.04"]
[Round "9"]
[White "Vadim_Biliy"]
[Black "Batsai"]
[Result "1-0"]
[WhiteElo "2257"]
[BlackElo "2334"]
[TimeControl "180+1"]
[EndTime "15:26:02 PDT"]
[Termination "Vadim_Biliy won by resignation"]

1. d4 Nf6 2. Nf3 g6 3. e3 Bg7 4. Be2 O-O 5. O-O d6 6. b4 Nbd7 7. Bb2 a5 8. b5 b6 9. c4 Bb7 10. a4 Ne4 11. Nbd2 Nxd2 12. Nxd2 e5 13. Bf3 Bxf3 14. Nxf3 e4 15. Nd2 f5 16. Qb3 Kh8 17. Rac1 Qf6 18. f4 Nc5 19. dxc5 Qxb2 20. Qxb2 Bxb2 21.
Rc2 Ba3 22. cxb6 cxb6 23. Nb3 Rac8 24. Kf2 Rc7 25. Nd4 Rfc8 26. Nc6 Rxc6 27. bxc6 Rxc6 28.
Rd1 Kg7 29. Rd5 Kf6 30. h3 Ke6 31. g4 Rc5 32. gxf5+ gxf5 33. Rd1 Kf6 34. Rxd6+ Ke7 35. Rxb6 Bb4 36. Rb7+ Kd6 37. Rxh7 Rc8 38. Rh6+ Kc5 39. Rf6 Rg8 40. Rxf5+ Kc6 41. Re5 1-0

[Event "*** SCC Grand Prix: Titled Tuesday Blitz"]
[Site "Chess.com"]
[Date "2020.08.04"]
[Round "9"]
[White "Iskusnyh"]
[Black "KarstenHansch"]
[Result "1-0"]
[WhiteElo "2565"]
[BlackElo "2406"]
[TimeControl "180+1"]
[EndTime "15:26:04 PDT"]
[Termination "Iskusnyh won by resignation"]

1. d4 d5 2. c4 e6 3. Nf3 Nf6 4.
g3 Be7 5. Bg2 O-O 6. Qc2 c5 7.
O-O cxd4 8. Nxd4 Nc6 9. Nxc6 bxc6 10. b3 Qb6 11. Nc3 Rd8 12. Be3 d4 13. Na4 Qc7 14.
Bg5 Rb8 15. Rad1 c5 16. Nb2 h6 17. Bc1 e5 18. Nd3 Bf5 19. Qb2 e4 20. Nf4 g5 21. Nd5 Nxd5 22. cxd5 Rxd5 23. Qc2 Qe5 24. Qc4 d3 25. exd3 Rxd3 26. Rde1 Qd4 27. Qa6 Bf6 28.
Be3 Qb2 29. Bxc5 Bd4 30. Bxd4 Qxd4 31. Qxh6 g4 32. Qf4 Rb5 33. Bxe4 Bxe4 34. Rxe4 1-0

[Event "*** SCC Grand Prix: Titled Tuesday Blitz"]
[Site "Chess.com"]
[Date "2020.08.04"]
[Round "9"]
[White "abfchess"]
[Black "TST2014"]
[Result "0-1"]
[WhiteElo "2169"]
[BlackElo "2509"]
[TimeControl "180+1"]
[EndTime "15:26:04 PDT"]
[Termination "TST2014 won by resignation"]

1. d4 Nf6 2. Nf3 g6 3. Bg5 Bg7 4. Nbd2 O-O 5. c3 d6 6. e4 Nc6 7. Be2 h6 8. Bh4 e5 9. dxe5 dxe5 10. O-O g5 11. Bg3 Qe7 12. Qc2 Nh5 13. Rfe1 Nf4 14.
Bf1 Be6 15. b4 a6 16. a4 Ng6 17. Bc4 g4 18. Bxe6 fxe6 19. b5 Na5 20. c4 gxf3 21. Nxf3 Qc5 22. Rac1 Rad8 23. h4 Nf4 24. Bxf4 exf4 25.
e5 Rf5 26. Qc3 b6 27. bxa6 Nc6 28. Rcd1 Rff8 29. Rxd8 Rxd8 30. h5 Qa5 31. Qc2 Nd4 32. Qe4 Nxf3+ 33. gxf3 Qxa6 34. Kh2 Qxa4 35. Rg1 Qd7 36.
Qg6 Kh8 37. Rg4 Rf8 38. Qe4 Rf5 39. Rxf4 Bxe5 0-1

[Event "*** SCC Grand Prix: Titled Tuesday Blitz"]
[Site "Chess.com"]
[Date "2020.08.04"]
[Round "9"]
[White "AbigailCabezas"]
[Black "DrMamaliga"]
[Result "0-1"]
[WhiteElo "1385"]
[BlackElo "2172"]
[TimeControl "180+1"]
[EndTime "15:26:05 PDT"]
[Termination "DrMamaliga won on time"]

1. e4 d6 2. d4 Nf6 3. Nc3 g6 4. f4 Bg7 5. Nf3 c5 6. Be2 O-O 7. O-O cxd4 8. Nxd4 Nc6 9. Nf3 Qb6+ 10. Kh1 Ng4 11.
Qe1 Ne3 12. Bxe3 Qxe3 13. Bd3 Qxe1 14. Raxe1 Bxc3 15. bxc3 Be6 16. a4 Rac8 17. c4 Na5 18. e5 Nxc4 19. exd6 Nxd6 20. Rf2 Rfe8 21. Nh4 Bf5 22.
Nxf5 Nxf5 23. g4 Nd4 24. c4 Kg7 25. Rd1 Rcd8 26. Rb2 b6 27. Rb4 Ne6 28. Rbb1 Nxf4 29. Bc2 Ne6 30. Rf1 Rd2 31. Bb3 Nc5 32. h4 Red8 33.
Bd1 Ne4 34. Bf3 Ng3+ 35. Kg1 Nxf1 36. Kxf1 R8d3 37. Re1 Rxf3+ 38. Kg1 Rg3+ 39. Kh1 Rxg4 40. Rxe7 Rxh4+ 41. Kg1 Rxc4 42. Kh1 Rc1+ 0-1

[Event "*** SCC Grand Prix: Titled Tuesday Blitz"]
[Site "Chess.com"]
[Date "2020.08.04"]
[Round "9"]
[White "BogdanDeac"]
[Black "ChessWarrior7197"]
[Result "0-1"]
[WhiteElo "2770"]
[BlackElo "2883"]
[TimeControl "180+1"]
[EndTime "15:26:06 PDT"]
[Termination "ChessWarrior7197 won on time"]

1. Nf3 d5 2. d4 e6 3. c4 c6 4. Qc2 Nf6 5. Bg5 Nbd7 6. Nbd2 Be7 7. e3 O-O 8. Bd3 b6 9. cxd5 cxd5 10. O-O Bb7 11. Rfc1 Rc8 12. Qa4 a6 13. Rxc8 Qxc8 14. Ne5 b5 15. Qd1 Qd8 16. Rc1 Nxe5 17. dxe5 Ne4 18.
Bxe7 Qxe7 19. Nb3 f5 20. f3 Ng5 21. Qd2 h5 22. Qa5 Nxf3+ 23. gxf3 Qg5+ 24. Kf1 Qxe3 25. Be2 d4 26. Qd2 Qxe5 27. Qxd4 Qxh2 28. Qg1 Qd6 29.
Qg6 h4 30. Rd1 Bd5 31. Nd4 h3 32. Kf2 Qh2+ 33. Kf1 Qe5 34. Qh5 Qg3 0-1

[Event "*** SCC Grand Prix: Titled Tuesday Blitz"]
[Site "Chess.com"]
[Date "2020.08.04"]
[Round "9"]
[White "tan275"]
[Black "Justinz"]
[Result "0-1"]
[WhiteElo "2243"]
[BlackElo "2357"]
[TimeControl "180+1"]
[EndTime "15:26:09 PDT"]
[Termination "Justinz won on time"]

1. d4 Nf6 2. c4 e6 3. g3 d5 4. Nf3 Bb4+ 5. Nc3 O-O 6. Bg2 Nc6 7. O-O dxc4 8. Qa4 Rb8 9. Qb5 h6 10. Ne5 Nxe5 11. dxe5 Bxc3 12. bxc3 Nd5 13. Qxc4 Qe7 14.
Qg4 Kh8 15. c4 f5 16. Qg6 Nb6 17. Rd1 Bd7 18. a4 Be8 19. Ba3 c5 20. Bxc5 Qxc5 21. Qxe6 Bxa4 22. Bd5 Bxd1 23. Rxd1 Rbe8 24. Qg6 Nxc4 25.
Kg2 Nxe5 26. Qh5 Rd8 27. e4 Ng4 28. Rd2 Qc3 0-1

[Event "*** SCC Grand Prix: Titled Tuesday Blitz"]
[Site "Chess.com"]
[Date "2020.08.04"]
[Round "9"]
[White "MPGM"]
[Black "ClydeHillKid"]
[Result "1-0"]
[WhiteElo "2502"]
[BlackElo "2307"]
[TimeControl "180+1"]
[EndTime "15:26:11 PDT"]
[Termination "MPGM won by resignation"]

1. d4 d5 2. c4 e6 3. Nf3 Nf6 4. Bg5 Nbd7 5. e3 c6 6. Nbd2 Bd6 7. Bd3 O-O 8. O-O Re8 9. Qc2 h6 10. Bh4 e5 11. cxd5 cxd5 12. dxe5 Nxe5 13. Nxe5 Bxe5 14. Nf3 Bd6 15. Nd4 Bxh2+ 16. Kxh2 Ng4+ 17. Kg3 g5 18. Bf5 Ne5 19. Rh1 gxh4+ 20. Rxh4 Qg5+ 21. Kh3 Ng6 22. Rg4 Qh5+ 23. Kg3 Bxf5 24. Qxf5 Qxf5 25. Nxf5 Kh7 26. Rh1 Re4 27. Rxh6+ Kg8 28. Rg5 Rae8 29. Nd6 R8e6 30. Nxe4 Rxe4 31. Rhxg6+ fxg6 32. Rxg6+ Kf7 33. Rg5 Ke6 34.
Rg4 Re5 35. Rg6+ Kf5 36. Rg5+ Kxg5 37. f4+ Kf5 38. fxe5 Kxe5 39. Kf3 Kf5 40. e4+ dxe4+ 41. Ke3 Ke5 42. g4 b6 43. b3 a6 44. a3 a5 45.
a4 Kd5 46. g5 Ke5 47. g6 Kf6 48. Kxe4 Kxg6 49. Kd5 Kf6 50. Kc6 Ke5 51. Kxb6 1-0

[Event "*** SCC Grand Prix: Titled Tuesday Blitz"]
[Site "Chess.com"]
[Date "2020.08.04"]
[Round "9"]
[White "Anton_Demchenko"]
[Black "louis198"]
[Result "1-0"]
[WhiteElo "2817"]
[BlackElo "2517"]
[TimeControl "180+1"]
[EndTime "15:26:13 PDT"]
[Termination "Anton_Demchenko won by resignation"]

1. e4 e6 2. d4 d5 3. Nc3 dxe4 4. Nxe4 Bd7 5. c4 Bc6 6. Nc3 Nf6 7. Nf3 Be7 8. Ne5 O-O 9. Be3 Nbd7 10. Nxc6 bxc6 11.
Be2 c5 12. O-O cxd4 13. Bxd4 c5 14. Be3 a6 15. Qc2 Qc7 16. Rfd1 Rfd8 17. Rab1 Rab8 18.
a3 Qb7 19. b3 h6 20. h3 Qc7 21. Na4 Nb6 22. Nb2 Rxd1+ 23. Rxd1 Nfd7 24. Nd3 Nf8 25. Bf4 Bd6 26. Nxc5 Bxf4 27. Nxa6 Qa7 28. Nxb8 Bxb8 29. a4 Qc7 30. g3 Qc5 31. Kg2 Bd6 32. Qd2 Be7 33. Bf3 e5 34. a5 Nc8 35. Bd5 Nd6 36.
b4 Qc7 37. a6 Nd7 38. c5 Nf5 39. Bxf7+ Kxf7 40. Qxd7 1-0

[Event "*** SCC Grand Prix: Titled Tuesday Blitz"]
[Site "Chess.com"]
[Date "2020.08.04"]
[Round "9"]
[White "GigaQuparadze"]
[Black "csati17"]
[Result "0-1"]
[WhiteElo "2901"]
[BlackElo "2620"]
[TimeControl "180+1"]
[EndTime "15:26:26 PDT"]
[Termination "csati17 won by checkmate"]

1. e4 e6 2. d4 d5 3. Nd2 Nf6 4.
e5 Nfd7 5. Bd3 c5 6. c3 Nc6 7.
Ne2 cxd4 8. cxd4 f6 9. exf6 Nxf6 10. O-O Bd6 11. Nf3 O-O 12. Bf4 Bxf4 13. Nxf4 Ng4 14. g3 g5 15. Nh3 h6 16. Nfxg5 e5 17. Nh7 Rf7 18. dxe5 Ngxe5 19. Nf4 Nxd3 20. Qxd3 Rxh7 21.
Nxd5 Qg5 22. h4 Qg7 23. Rfe1 Bd7 24. Nf4 Qf7 25. Rad1 Rg7 26. Qd6 Rf8 27. Kh2 Bg4 28.
Rd5 h5 29. Rg5 Rd8 30. Qc5 Rd2 31. Kg1 Nd4 32. Rxg7+ Qxg7 33. Re8+ Kh7 34. Re7 Rd1+ 35. Kg2 Bf3+ 36. Kh3 Rh1# 0-1

[Event "*** SCC Grand Prix: Titled Tuesday Blitz"]
[Site "Chess.com"]
[Date "2020.08.04"]
[Round "9"]
[White "DishonorOnYourCow"]
[Black "lacafi"]
[Result "1-0"]
[WhiteElo "2280"]
[BlackElo "2050"]
[TimeControl "180+1"]
[EndTime "15:26:26 PDT"]
[Termination "DishonorOnYourCow won on time"]

1. d4 f5 2. c4 Nf6 3. g3 g6 4. Nh3 Bg7 5. Bg2 O-O 6. O-O d6 7. d5 Na6 8. Nf4 Nc5 9. Nc3 g5 10. Nd3 Nxd3 11. Qxd3 h6 12. e4 fxe4 13. Nxe4 Bf5 14.
Nxf6+ Rxf6 15. Qb3 b6 16. Be3 Rf8 17. Rfe1 Qd7 18.
Qd1 Bh3 19. Bd4 Bxg2 20. Kxg2 Qf5 21. Rxe7 Be5 22. Bxe5 dxe5 23. Qe2 Rae8 24. Rxc7 e4 25. d6 e3 26. fxe3 Qe4+ 27. Kg1 Rf3 28. d7 Rd8 29.
Rc8 Rxe3 30. Rxd8+ Kg7 31. Qf2 Rf3 32. Qg2 Qe3+ 33.
Kh1 Rf2 34. Re8 1-0

[Event "*** SCC Grand Prix: Titled Tuesday Blitz"]
[Site "Chess.com"]
[Date "2020.08.04"]
[Round "9"]
[White "Fighter008"]
[Black "Andreikka"]
[Result "0-1"]
[WhiteElo "2637"]
[BlackElo "2858"]
[TimeControl "180+1"]
[EndTime "15:26:30 PDT"]
[Termination "Andreikka won by resignation"]

1. e4 e5 2. Nf3 Nc6 3. Nc3 Nf6 4. Bb5 Bd6 5. d3 O-O 6. a3 h6 7. g4 Nh7 8. h4 Bc5 9. g5 h5 10. Be3 Bxe3 11. fxe3 d6 12. Qe2 Bg4 13. Qg2 Ne7 14. O-O-O c6 15. Bc4 b5 16. Bb3 a5 17. d4 Qb6 18. Rdf1 a4 19. Ba2 b4 20. axb4 Qxb4 21. Nd1 a3 22. b3 Bxf3 23. Qxf3 exd4 24. exd4 Qxd4 25. Qc3 Qxe4 26. Ne3 Rfe8 27. Re1 d5 28. Qc5 Nf8 29. Nc4 Qf4+ 30. Qe3 Qxe3+ 31. Nxe3 d4 32. Nc4 Nd5 33. Nd6 Rxe1+ 34. Rxe1 Nc3 0-1